 Dungeon Crawl Stone Soup version 0.30-a0-862-g1aabd4f9c5 (webtiles) character file.

Game seed: 1058248857269505542

30 Esekla the Sneak (level 3, -1/26 HPs)
             Began as an Octopode Delver on Mar 10, 2023.
             Killed from afar by a white imp (11 damage)
             ... with a puff of frost
             ... on level 5 of the Dungeon.
             The game lasted 00:01:31 (123 turns).

Esekla the Sneak (Octopode Delver)                   Turns: 123, Time: 00:01:31

Health: -1/26      AC:  1    Str: 11    XL:     3   Next: 18%
Magic:  2/4        EV: 13    Int: 14    God:
Gold:   0          SH:  0    Dex: 13    Spells: 3/3 levels left

rFire   . . .      SeeInvis .    a - +0 falchion
rCold   . . .      Faith    .    (no shield)
rNeg    . . .      Spirit   .    (helmet restricted)
rPois   .          Reflect  .    (no amulet)
rElec   .          Rampage  .    (no ring)
rCorr   .                        (no ring)
Will    .....                    (no ring)
Stlth   ++++                     (no ring)
HPRegen 0.24/turn                (no ring)
MPRegen 0.09/turn                (no ring)
                                 (no ring)
                                 (no ring)

@: no status effects
A: almost no armour, amphibious, 8 rings, camouflage 1, gelatinous body 1,
(nimble swimmer 1), tentacles
a: no special abilities


You were on level 5 of the Dungeon.
You visited 1 branch of the dungeon, and saw 1 of its levels.

Inventory:

Hand Weapons
 a - a +0 falchion (weapon)
Wands
 f - a wand of digging (3)
Scrolls
 b - a scroll of fog
 c - a scroll of amnesia {unknown}
 d - a scroll of fear


   Skills:
 * Level 3.2 Fighting
 * Level 2.2 Long Blades
 * Level 2.2 Dodging
 + Level 7.1 Stealth
 * Level 0.6 Spellcasting


You had 3 spell levels left.
You didn't know any spells.
Your spell library was empty.

Dungeon Overview and Level Annotations

Branches:
Dungeon (5/15)
 Temple: D:4-7

Altars:


Innate Abilities, Weirdness & Mutations

You cannot wear most types of armour.
You are amphibious.
You can wear up to eight rings at the same time.
Your skin changes colour to match your surroundings (Stealth+).
Your rubbery body absorbs attacks. (AC +1, EV +1)
((You are camouflaged when in or above water. (Stealth+)))
You have tentacles for arms and can constrict up to eight enemies at once.


Message History

c - a scroll labelled FATRAE MEGRIUNERGH A hound comes into view.
There is an open door here.
You close the door.
There is an open door here.
Your extra speed is starting to run out.
A hound comes into view.
You miss the hound. Your grab misses the hound.
You feel yourself slow down. The hound closely misses you.
The hound barely misses you.
You closely miss the hound. Your grab misses the hound. The hound misses you.
You hit the hound but do no damage. Your grab misses the hound.
The hound bites you. x2
You hit the hound. Your grab misses the hound. You squeeze the hound.
The hound is heavily wounded.
The hound barely misses you. The hound bites you.
You hit the hound but do no damage. You grab the hound.
The hound is heavily wounded.
You constrict the hound, but do no damage.
The hound barely misses you. The hound bites you.
You hit the hound.
The hound is almost dead.
You constrict the hound. The hound closely misses you. The hound bites you.
* * * LOW HITPOINT WARNING * * *
You hit the hound.
You kill the hound!
Your Stealth skill increases to level 7!
You have reached level 2!
You have reached level 3!
Your experience leads to an increase in your attributes!
Increase (S)trength, (I)ntelligence, or (D)exterity?
You feel clever. x2
You see here a hound corpse.
You open the door.
A white imp and 4 orcs come into view.
An orc is wielding a +2 dagger of venom.
An orc is wielding a +0 short sword of draining.
The white imp shouts!
The orc shouts! x3; You hear an angry hiss.
The white imp gestures at you. The puff of frost hits you!
You die...

,,,,,,,,,...............,,*
*,,,,,*,*####.##.#######*,*
**,,,**,*####.#...## *,*
**,***,,..........# ****,*****
*,* ***######.W.## *,,,,,,,,*
*,* ##.## *,**,***,* **,** #.#
*,**,***,* *,,,******* #.#
*,**,,,,,* **,,,*,,,,,* *#@#*
*,*****,,* ,,,,,,,***,* *#..o#*
*,,,,,,,,*
,,,,,,,,,*,**#o..o.#*******,,,**
,,,,,,,*,*,*#.....o.#* **,,,,,*
**,,,,,,,,,...5......#***,,,,,,*
,,,,,,,,,,§§≈≈≈≈§≈...+,,,,,,,,,*
*****,,,,§§......≈...#***,,,,,**
**,*,~§≈≈≈≈≈.≈..## **,*,**
***,~,~,,,~,~,,* ***,*


You could see a phantom, a white imp and 4 orcs.

Vanquished Creatures
  A hound (D:5)
1 creature vanquished.

Notes
Turn   | Place    | Note
-------+----------+-------------------------------------------
     0 | D:5      | Esekla the Octopode Delver began the quest for the Orb.
     0 | D:5      | Reached XP level 1. HP: 16/16 MP: 1/1
    17 | D:5      | Noticed an iguana
    43 | D:5      | Noticed a phantom
    57 | D:5      | Noticed a hound
    80 | D:5      | Noticed a hound
    99 | D:5      | Noticed a hound
   109 | D:5      | Killed a hound
   110 | D:5      | Reached skill level 7 in Stealth
   110 | D:5      | Reached XP level 2. HP: 5/21 MP: 1/3
   110 | D:5      | Reached XP level 3. HP: 6/26 MP: 1/4
   123 | D:5      | Killed from afar by a white imp

Illustrated notes

Levels and vault maps discovered:
D:5:      layout_loops_corners, mainiacjoe_overflow_concentric_impassable

Skill      XL: |  1 |
---------------+----+-----
Stealth        | 7 |  7.1
Fighting       | |  3.2
Long Blades    | |  2.2
Dodging        | |  2.2
Spellcasting   | |  0.6

Action                     || total
---------------------------++-------
  Melee: Falchion          ||     7
         Constrict         ||     1
         Tentacles         ||     1
    Use: Scroll            ||     1
         Potion            ||     1
  Dodge: Dodged            ||     6

Table legend: (Time is in decaauts)
 A = Elapsed time spent in this place.
 B = Non-inter-level travel time spent in this place.
 C = Inter-level travel time spent in this place.
 D = Time resting spent in this place.
 E = Time spent auto-exploring this place.
 F = Levels seen in this place.
 G = Mean time per level.
                   A        B        C        D        E       F      G
               +--------+--------+--------+--------+--------+-----+--------+
         Total |    104 |    104 |      0 |      0 |      0 |   1 |  104.0 |
       Dungeon |    104 |    104 |      0 |      0 |      0 |   1 |  104.0 |
               +--------+--------+--------+--------+--------+-----+--------+

Top non-repeatable levels by time:
     D:5: 104 daAuts
